 Dungeon Crawl Stone Soup version 0.29.1-13-g9f3cf754e1 (webtiles) character file.

Game seed: 12928990294229459570

14 Mickster the Caller (level 2, -1/19 HPs)
             Began as a Barachi Summoner on Feb 10, 2023.
             Killed from afar by a dart slug (3 damage)
             ... with a slug dart
             ... on level 2 of the Dungeon.
             The game lasted 00:06:08 (625 turns).

Mickster the Caller (Barachi Summoner)               Turns: 625, Time: 00:06:09

Health: -1/19      AC:  3    Str:  9    XL:     2   Next: 45%
Magic:  2/5        EV: 12    Int: 15    God:
Gold:   26         SH:  0    Dex: 12    Spells: 4/5 levels left

rFire   . . .      SeeInvis .   d - +0 dagger
rCold   . . .      Faith    .   (no shield)
rNeg    . . .      Spirit   .   a - +0 robe
rPois   .          Reflect  .   (no helmet)
rElec   .          Harm     .   c - +0 cloak
rCorr   .          Rampage  .   (no gloves)
Will    .....                   (no boots)
Stlth   ++........              (no amulet)
HPRegen 0.06/turn               (no ring)
MPRegen 0.09/turn               (no ring)

@: slow
A: amphibious, slowness 1, strong legs 1, +LOS
a: Hop


You were on level 2 of the Dungeon.
You visited 1 branch of the dungeon, and saw 2 of its levels.

You collected 26 gold pieces.

Inventory:

Hand Weapons
 d - a +0 dagger (weapon)
Missiles
 e - 6 stones
Armour
 a - a +0 robe (worn)
 c - a +0 cloak (worn)
Potions
 b - a potion of magic


   Skills:
 + Level 2.3 Dodging
 + Level 1.8 Stealth
 + Level 2.4 Spellcasting
 + Level 5.3 Summonings


You had 4 spell levels left.
You knew the following spells:

 Your Spells              Type           Power      Damage    Failure   Level
a - Summon Small Mammal   Summ           68%        N/A       2%          1

Your spell library contained the following spells:

 Spells                   Type           Power      Damage    Failure   Level
 Call Imp                 Summ           17%        N/A       3%          2
 Call Canine Familiar     Summ           17%        N/A       7%          3
 Summon Guardian Golem    Hex/Summ       9%         N/A       22%         3
 Summon Lightning Spire   Summ/Air       9%         N/A       56%         4


Dungeon Overview and Level Annotations

Branches:
Dungeon (2/15)

Altars:


Innate Abilities, Weirdness & Mutations

You are amphibious.
You cover ground slowly.
You can hop short distances.
You have an extended range of vision and can be seen from far away.


Message History

The ball python bites you but does no damage.
The ball python constricts you.
* * * LOW HITPOINT WARNING * * *
The kobold hits you with a +0 dagger.
* * * LOW HITPOINT WARNING * * *
The ball python barely misses you. The ball python constricts you.
You escape the ball python's grasp.
You swap places.
The kobold barely misses your rat.
Your rat bites the ball python.
The ball python dies!
The kobold barely misses your rat.
Your rat barely misses the rat.
The rat bites your rat.
The kobold hits your rat with a +0 dagger.
Your rat dies!
Your rat's corpse disappears in a puff of smoke!
Casting: Summon Small Mammal (safe; 2% risk of failure)
Confirm with . or Enter, or press ? or * to list all spells.
Unknown command.
You swap places.
The kobold closely misses your quokka.
Your quokka bites the kobold.
Your quokka closely misses the kobold.
The kobold hits your quokka with a +0 dagger.
Your quokka misses the kobold. The kobold closely misses your quokka.
Casting: Summon Small Mammal (safe; 2% risk of failure)
Confirm with . or Enter, or press ? or * to list all spells.
Your quokka bites the kobold.
The kobold dies!
Your quokka bites the rat.
The rat dies!
You swap places.
Your bat hits the dart slug.
Your bat hits the dart slug but does no damage.
The dart slug launches a dart at you. The slug dart misses you.
Your bat hits the dart slug but does no damage.
You swap places.
Your bat hits the dart slug but does no damage. x2
Your bat hits the dart slug. The dart slug launches a dart at you.
The slug dart hits you.
You die...

##...##.<.
##........?
#..........
#..........
..........
#.........
####_### ####
#$...# .$$P....
#..###w####
.P...P.P #.#r@b#
......P$ ##...###
.....P(. #...####
#.)P....#.##....#
#....?P.#. ####.#
#.P.....### #.##
#..# #..# # #..#
##.## ###.# ##.#
#..# ###....#


You could see a dart slug (ally target), a friendly quokka (summoned) and a
friendly bat (summoned).

Vanquished Creatures
  A quokka (D:2)
1 creature vanquished.

Vanquished Creatures (collateral kills)
  An adder (D:2)
  A bat (D:1)
  A kobold (D:2)
  A ball python (D:2)
  A rat (D:2)
5 creatures vanquished.

Vanquished Creatures (others)
  6 demonic plants (D:2)
  3 fungi (D:2)
  3 plants (D:2)
  A withered plant (D:2)
13 creatures vanquished.

Grand Total: 19 creatures vanquished

Notes
Turn   | Place    | Note
-------+----------+-------------------------------------------
     0 | D:1      | Mickster the Barachi Summoner began the quest for the Orb.
     0 | D:1      | Reached XP level 1. HP: 13/13 MP: 3/3
   159 | D:2      | Reached skill level 5 in Summonings
   159 | D:2      | Reached XP level 2. HP: 1/19 MP: 1/5
   557 | D:2      | Found a faded altar of an unknown god.
   625 | D:2      | Killed from afar by a dart slug

Illustrated notes

Levels and vault maps discovered:
D:1:      evilmike_arrival_hilbert_curve, layout_basic, serial_shops,
          nicolae_lakefront_shop, nicolae_shop_behind_doors, shop, shop,
          fountainhead
D:2:      layout_rooms, shapermc_ecumenical_altar_gd, serial_shops, shop, shop,
          nicolae_shop_crystal, shop

Skill      XL: |  1 |
---------------+----+-----
Summonings     | 5 |  5.3
Dodging        | |  2.3
Stealth        | |  1.8
Spellcasting   | |  2.4

Action                   || total
-------------------------++-------
Melee: Dagger            ||    18
       Unarmed           ||     3
 Cast: Summon Small Mamm ||    13
Armor: Robe              ||    10
Dodge: Dodged            ||    27
